 Dungeon Crawl Stone Soup version 0.32-a0-768-g0f6f1dd4b9 (webtiles) character file.

Game seed: 8702972283997272509

4776 ezpacito the Chopper (level 10, 0/77 HPs)
             Began as a Coglin Chaos Knight on Mar 18, 2024.
             Was a Plaything of Xom.
             Slain by a two-headed ogre
             ... wielding a +0 giant spiked club
              (10 damage)
             ... on level 8 of the Dungeon.
             The game lasted 00:12:20 (8327 turns).

ezpacito the Chopper (Coglin Chaos Knight)          Turns: 8327, Time: 00:12:20

Health: 0/77       AC: 13    Str: 15    XL:     10   Next: 47%
Magic:  15/15      EV: 12    Int: 16    God:    Xom [.....*]
Gold:   34         SH:  0    Dex: 13    Spells: 11/15 levels left

rFire   . . .        L - +9 trident (chaos) {Centenhua}
rCold   . . .        a - +0 hand axe (chaos) {Nittaya}
rNeg    . . .        K - +2 acid dragon scales
rPois   .            (no helmet)
rElec   .            k - +1 cloak
rCorr   +            y - +2 pair of gloves
SInv    .            e - +1 pair of boots
Will    .....        (amulet unavailable)
Stlth   ++           (ring unavailable)
HPRegen 0.32/turn    (ring unavailable)
MPRegen 0.14/turn    (no gizmo)

%: no passive effects
@: corroded, studying Evocations, revved
A: off-hand wielding, slow wielding, warmup strikes, no jewellery, clever 1,
sense surroundings 1, inability to drink after injury 1
a: Invent Gizmo, Renounce Religion


You were on level 8 of the Dungeon.
You worshipped Xom.
You were Xom's teddy bear.
You visited 2 branches of the dungeon, and saw 10 of its levels.

You collected 472 gold pieces.
You spent 438 gold pieces at shops.

Inventory:

Hand Weapons
 a - a +0 hand axe of chaos (offhand) {Nittaya}
 b - a +0 demon trident of flaming
 i - a +4 flail of holy wrath {Mizue}
 p - a +2 whip of flaming
 J - a +1 morningstar of flaming
 L - a +9 trident of chaos (weapon) {Centenhua}
Missiles
 c - 2 throwing nets
 d - 5 darts of dispersal
 f - 17 poisoned darts (quivered)
 h - 6 boomerangs
 o - 3 datura-tipped darts
Armour
 e - a +1 pair of boots (worn)
 k - a +1 cloak (worn)
 y - a +2 pair of gloves (worn)
 K - +2 acid dragon scales (worn)
Magical Staves
 j - a staff of death
Wands
 v - a wand of flame (9)
Scrolls
 q - 2 scrolls of noise
 s - a scroll of torment
 t - 2 scrolls of teleportation
Potions
 n - a potion of resistance
 w - a potion of curing {unknown}
 z - 2 potions of berserk rage {unknown}
 D - a potion of invisibility {unknown}
 F - 3 potions of enlightenment
 H - a potion of magic {unknown}


   Skills:
 * Level 6.8 Fighting
 * Level 6.8(7.5) Axes
 + Level 4.0(5.6) Polearms
 * Level 5.8 Armour
 * Level 5.4 Dodging
 + Level 3.8 Stealth
 + Level 3.4 Spellcasting
 + Level 0.0 Alchemy
 + Level 6.1 Evocations


You had 11 spell levels left.
You knew the following spells:

 Your Spells              Type           Power      Damage    Failure   Level
a - Necrotise             Necr           8%         1d4       24%         1
b - Sting                 Conj/Alch      8%         1d3       24%         1
c - Summon Small Mammal   Summ           8%         N/A       24%         1
g - Apportation           Tloc           4%         N/A       24%         1

Your spell library contained the following spells:

 Spells                   Type           Power      Damage    Failure   Level


Dungeon Overview and Level Annotations

Branches:
Dungeon (9/15)             Temple (1/1) D:6
   Lair: D:8-11         Orc: D:9-12

Altars:
Ashenzari
Dithmenos
Elyvilon
Fedhas
Gozag
Hepliaklqana
Kikubaaqudgha
Makhleb
Nemelex Xobeh
Okawaru
Ru
Sif Muna
Trog
Uskayaw
Vehumet
Xom
Yredelemnul
Zin
The Shining One

Shops:
D:8 ?


Innate Abilities, Weirdness & Mutations

You can wield a second weapon in your off-hand.
It takes a long time for you to wield or remove held weapons.
Your first few attacks do less damage.
You cannot equip rings or amulets.
Your mind is acute. (Int +4, Str/Dex -1)
You passively map a small area around you.
You occasionally lose the ability to drink potions when taking damage.


Message History

The entropy weaver seems to slow down.
The entropy weaver is lightly wounded.
You miss the entropy weaver with your +0 hand axe of chaos.
You hear Xom's avuncular chuckle.
The yak is charmed.
Your iron imp closely misses the entropy weaver.
The entropy weaver gestures at you while chanting.
The entropic weave corrodes you!
Your yak barely misses the entropy weaver.
You hit the entropy weaver with your +9 trident of chaos.
You burn the entropy weaver.
The entropy weaver is lightly wounded.
You barely miss the entropy weaver with your +0 hand axe of chaos.
Your surroundings suddenly seem different.
A two-headed ogre comes into view.
It is wielding two +0 giant spiked clubs.
Aiming: Throw Flame
Press: ? - help, Shift-Dir - straight line, f - two-headed ogre
Aim: a two-headed ogre, wielding two +0 giant spiked clubs (wandering, hasn't noticed you, 88% to hit)
The puff of flame hits the two-headed ogre.
The two-headed ogre is lightly wounded.
The two-headed ogre shouts in stereo!
Aiming: Throw Flame
Press: ? - help, Shift-Dir - straight line, f/p - two-headed ogre
Aim: a two-headed ogre, wielding two +0 giant spiked clubs (lightly wounded, 88% to hit)
The puff of flame hits the two-headed ogre!
The two-headed ogre is moderately wounded.
You hit the two-headed ogre but do no damage.
The two-headed ogre is moderately wounded.
You hit the two-headed ogre but do no damage.
The two-headed ogre hits you with a +0 giant spiked club! x2
* * * LOW HITPOINT WARNING * * *
You feel a bit more experienced.
You take 24 damage, and have 10/77 hp.
MASSIVE DAMAGE!!
You barely miss the two-headed ogre with your +9 trident of chaos.
The two-headed ogre is moderately wounded.
You hit the two-headed ogre but do no damage.
You drain the two-headed ogre.
The two-headed ogre hits you with a +0 giant spiked club!
You die...
Xom guffaws!

#.# #.# #.# #.#
##########
#######.########........#
..#....<....#....######.#
#.#.#.....#...#..#### #.#
.......#.....###....# #.#
#.#.##...##...#.@##.# #.#
#.#.###.###.#...O##.# #.#
..#.........####.##.###.#
#######'##### #........#
##...## ####.#####
##.....## ###.#
##..)..<.## ##.#.#
###.........####....#
..'.........'.......#


You could see a two-headed ogre (drained).

Vanquished Creatures
  Pikel (D:6)
  Maggie (D:6)
  Jeremiah (D:7)
  A wyvern (D:8)
  3 yaks
  3 steam dragons
  Edmund (D:6)
  A naga (D:9)
  2 water moccasins
  2 orc warriors (D:8)
  4 centaurs
  An ogre (D:5)
  A kobold brigand (D:8)
  A bullfrog (D:7)
  A gnoll sergeant (D:8)
  4 scorpions
  12 wights
  A hound (D:6)
  2 jellies
  A gnoll bouda (D:7)
  2 orc priests (D:9)
  Natasha (thrice) (D:3)
  Terence (D:3)
  An orc wizard (D:4)
  A sleepcap (D:5)
  3 iguanas
  9 gnolls
  4 adders
  A white imp (D:6)
  A dart slug (D:5)
  3 ribbon worms (D:2)
  11 orcs
  3 ball pythons
  2 endoplasms
  3 giant cockroaches
  9 goblins
  16 hobgoblins
  4 jackals (D:1)
  15 kobolds
  A quokka (D:4)
  3 bats
  2 frilled lizards
  3 rats (D:2)
145 creatures vanquished.

Vanquished Creatures (collateral kills)
  A hound (D:5)
  2 orc priests (D:5)
  4 orcs (D:5)
7 creatures vanquished.

Vanquished Creatures (others)
  A yak (D:8)
1 creature vanquished.

Grand Total: 153 creatures vanquished

Notes
Turn   | Place    | Note
-------+----------+-------------------------------------------
     0 | D:1      | ezpacito the Coglin Chaos Knight began the quest for the
                  | Orb.
     0 | D:1      | Reached XP level 1. HP: 18/18 MP: 1/1
    36 | D:1      | Reached skill level 1 in Dodging
   200 | D:1      | Reached XP level 2. HP: 24/24 MP: 2/2
   327 | D:1      | XOM: silly message
   545 | D:1      | You fall into a shaft and drop 1 floor!
   880 | D:1      | Reached XP level 3. HP: 26/29 MP: 3/3
   941 | D:1      | XOM: silly message
  1175 | D:2      | XOM: cloud trail
  1265 | D:2      | XOM: divination: detect items
  1619 | D:2      | XOM: silly message
  1662 | D:2      | Found a faded altar of an unknown god.
  1922 | D:3      | Noticed Natasha
  1931 | D:3      | Killed Natasha
  1932 | D:3      | Reached XP level 4. HP: 23/35 MP: 4/4
  2093 | D:3      | Reached skill level 1 in Polearms
  2128 | D:3      | Found a shimmering altar of Xom.
  2140 | D:3      | XOM: noise
  2340 | D:3      | XOM: god gift: 45 gold pieces
  2524 | D:3      | Noticed Natasha
  2532 | D:3      | Killed Natasha
  2533 | D:3      | Reached XP level 5. HP: 37/41 MP: 5/5
  2543 | D:3      | Noticed Natasha
  2551 | D:3      | Killed Natasha
  2552 | D:3      | Reached skill level 1 in Stealth
  2602 | D:3      | Noticed Terence
  2614 | D:3      | Killed Terence
  2781 | D:4      | Identified the ring of Lybrud {*Corrode rF+++ rN+ Str+6
                  | Int-2}
  2814 | D:4      | XOM: 10-stop teleportation journey
  2861 | D:4      | Identified the +0 leather armour "Fyikoedo" {-Cast rN++}
  2874 | D:4      | Reached XP level 6. HP: 39/48 MP: 7/7
  2885 | D:4      | XOM: noise
  2908 | D:4      | XOM: give mutations
  2908 | D:4      | Gained mutation: You occasionally lose the ability to drink
                  | potions when taking damage. [Xom's mischief]
  2908 | D:4      | Gained mutation: You are weak. (Str -2) [Xom's mischief]
  3003 | D:4      | XOM: god gift: wand of mindburst (5)
  3331 | D:5      | Entered Level 5 of the Dungeon
  3379 | D:5      | Noticed a water moccasin
  3380 | D:5      | Found an ancient bone altar of Kikubaaqudgha.
  3392 | D:5      | Killed a water moccasin
  3393 | D:5      | Reached skill level 1 in Spellcasting
  3393 | D:5      | Reached skill level 1 in Evocations
  3532 | D:5      | Reached XP level 7. HP: 54/54 MP: 8/8
  3599 | D:5      | Found a hide-covered altar of Uskayaw.
  3669 | D:5      | Found a sparkling altar of Nemelex Xobeh.
  3763 | D:5      | XOM: scenery: summon butterflies
  3764 | D:5      | XOM: polymorph butterfly -> goblin
  4152 | D:6      | Found a staircase to the Ecumenical Temple.
  4173 | D:6      | Noticed Edmund
  4182 | D:6      | XOM: butterfly on damage
  4187 | Temple   | Entered the Ecumenical Temple
  4239 | Temple   | XOM: god gift: boomerang
  4356 | D:6      | Killed Edmund
  4357 | D:6      | Reached XP level 8. HP: 61/61 MP: 10/10
  4413 | D:6      | Reached skill level 5 in Axes
  4558 | D:6      | Reached skill level 5 in Fighting
  4576 | D:6      | XOM: 6-stop teleportation journey
  4686 | D:6      | Noticed Pikel
  4694 | D:6      | Killed Pikel
  4695 | D:6      | Reached XP level 9. HP: 67/68 MP: 12/12
  4917 | D:6      | Noticed Maggie
  4921 | D:6      | XOM: summons friendly crimson imp
  4933 | D:6      | Killed Maggie
  4957 | D:6      | XOM: noise
  4982 | D:6      | XOM: silly message
  5007 | D:6      | XOM: polymorph crimson imp -> ufetubus
  5180 | D:7      | HP: 2/68 [gnoll/+0 halberd[a gnoll bouda] (3)]
  5386 | D:7      | Found a sacrificial altar of Ru.
  5681 | D:7      | Noticed Jeremiah
  5683 | D:7      | XOM: chaos upgrade
  5691 | D:7      | XOM: summons 3 friendly demons
  5695 | D:7      | XOM: confuse monster(s)
  5698 | D:7      | Killed Jeremiah
  5699 | D:7      | Reached skill level 5 in Armour
  5869 | D:7      | Identified 2 scrolls of acquirement
  5869 | D:7      | Acquired a +0 vampiric demon trident
  5871 | D:7      | Acquired a manual of Evocations
  6391 | D:8      | XOM: god gift: book of Cantrips
  6506 | D:8      | XOM: summons 2 friendly demons
  6700 | D:8      | XOM: summons 3 friendly demons
  6716 | D:8      | Reached skill level 5 in Evocations
  6716 | D:8      | Reached XP level 10. HP: 75/77 MP: 14/14
  6727 | D:8      | Found Kuruimp's Magic Scroll Shop.
  6732 | D:8      | Bought a scroll of fear for 48 gold pieces
  6732 | D:8      | Bought a scroll of brand weapon for 114 gold pieces
  6732 | D:8      | Bought a scroll of brand weapon for 114 gold pieces
  6732 | D:8      | Bought a scroll of enchant armour for 90 gold pieces
  6732 | D:8      | Bought a scroll of teleportation for 36 gold pieces
  6732 | D:8      | Bought a scroll of teleportation for 36 gold pieces
  6776 | D:8      | XOM: noise
  6896 | D:8      | Reached skill level 5 in Dodging
  6984 | D:8      | Found a blossoming altar of Fedhas.
  7043 | D:8      | Found a basalt altar of Yredelemnul.
  7178 | D:8      | XOM: give mutations
  7178 | D:8      | Lost mutation: You are weak. (Str -2) [Xom's grace]
  7178 | D:8      | Gained mutation: Your mind is acute. (Int +4, Str/Dex -1)
                  | [Xom's grace]
  7178 | D:8      | Gained mutation: You passively map a small area around you.
                  | [Xom's grace]
  7916 | D:9      | a yak changed into an entropy weaver
  7916 | D:9      | Noticed an entropy weaver
  8250 | D:8      | Learned a level 1 spell: Apportation
  8252 | D:8      | Learned a level 1 spell: Necrotise
  8254 | D:8      | Learned a level 1 spell: Sting
  8256 | D:8      | Learned a level 1 spell: Summon Small Mammal
  8315 | D:8      | XOM: summons friendly iron imp
  8322 | D:8      | XOM: enchant monster (good)
  8323 | D:8      | Noticed a two-headed ogre
  8327 | D:8      | Slain by a two-headed ogre

Illustrated notes

Levels and vault maps discovered:
D:1:      roderic_octagonal_star, layout_basic, minmay_misc_feat_encased,
          palyth_stone_intersect
D:2:      layout_basic, shapermc_ecumenical_altar_hornbeckon
D:3:      layout_basic, mainiacjoe_overflow_small_starburst,
          due_unseen_surprise, uniq_natasha, uniq_terence
D:4:      layout_cave_pools, sigmund_army
D:5:      layout_basic, eat_drink_and_be_merry_uskayaw,
          mainiacjoe_overflow_tiny_flanked, kiku_gazebo_pond_becter
D:6:      layout_loops_ring, minmay_temple_entry_mist, uniq_pikel, uniq_maggie,
          uniq_edmund
D:7:      layout_basic, hangedman_ru_absence, uniq_jeremiah
D:8:      layout_loops_corners, jmf_multi_god_temple2, serial_shops, shop
D:9:      layout_cross, minmay_misc_feat_ornament
Temple:   nicolae_temple_slightly_damp_pantheon

Skill      XL: |  1  2  3  4  5  6  7  8  9 10 |
---------------+-------------------------------+-----
Dodging        | 1 2 3 4 5 |  5.4
Armour         | 2 3 4 5 |  5.8
Polearms       | 1 2 3 4 |  4.0
Stealth        | 1 2 3 |  3.8
Fighting       | 4 5 6 |  6.8
Axes           | 4 5 6 |  6.8
Spellcasting   | 1 2 3 |  3.4
Evocations     | 1 2 3 5 6 |  6.1

Action                     |  1- 3 |  4- 6 |  7- 9 | 10-12 || total
---------------------------+-------+-------+-------+-------++-------
  Melee: Hand axe          |    62 |    79 |   139 |    60 ||   340
         Dagger            |    33 |       |       |       ||    33
         Spear             |    24 |    69 |       |       ||    93
         Trident           |       |    28 |    88 |    79 ||   195
         Flail             |       |       |    81 |       ||    81
  Evoke: Wand              |       |       |    14 |     8 ||    22
    Use: Scroll            |       |     3 |    15 |     8 ||    26
         Potion            |       |     2 |     6 |       ||     8
   Stab: Sleeping          |     3 |     2 |       |     2 ||     7
         Distracted        |       |       |     1 |       ||     1
         Paralysed         |       |       |     1 |     2 ||     3
         Petrifying        |       |       |     1 |       ||     1
         Confused          |       |       |       |     3 ||     3
 Armour: Leather armour    |    34 |    54 |    69 |       ||   157
         Acid dragon scale |       |       |    55 |    84 ||   139
  Dodge: Dodged            |    26 |    59 |    95 |    73 ||   253

Table legend: (Time is in decaauts)
 A = Elapsed time spent in this place.
 B = Non-inter-level travel time spent in this place.
 C = Inter-level travel time spent in this place.
 D = Time resting spent in this place.
 E = Time spent auto-exploring this place.
 F = Levels seen in this place.
 G = Mean time per level.
                   A        B        C        D        E       F      G
               +--------+--------+--------+--------+--------+-----+--------+
         Total |   8372 |   8010 |    362 |   1181 |   5589 |  10 |  837.2 |
       Dungeon |   8206 |   7844 |    362 |   1018 |   5589 |   9 |  911.8 |
        Temple |    165 |    165 |      0 |    163 |      0 |   1 |  165.0 |
               +--------+--------+--------+--------+--------+-----+--------+

Top non-repeatable levels by time:
     D:8: 2099 daAuts
     D:2: 1000 daAuts
     D:7: 993 daAuts
     D:1: 912 daAuts
     D:3: 824 daAuts
     D:5: 811 daAuts
     D:6: 808 daAuts
     D:4: 618 daAuts
  Temple: 165 daAuts
     D:9: 136 daAuts
